 Dungeon Crawl Stone Soup version 0.23-a0-204-g3eb00d1601 (webtiles) character file.

12918 PikkenKukken the Covert (level 12, 0/88 HPs)
             Began as a Naga Venom Mage on Sept 24, 2018.
             Was a High Priest of Cheibriados.
             Slain by a komodo dragon (6 damage)
             ... on level 2 of the Lair of Beasts.
             The game lasted 00:48:23 (12706 turns).

PikkenKukken the Covert (Naga Venom Mage)          Turns: 12706, Time: 00:48:23

Health: 0/88       AC: 11    Str: 23 (26) XL:     12   Next: 0%
Magic:  5/22       EV: 21    Int: 32 (33) God:    Cheibriados [*****.]
Gold:   645        SH:  0    Dex: 36 (38) Spells: 15/24 levels left

rFire    . . .     SeeInvis +   g - +3 short sword (venom)
rCold    . . .     Gourm    .   (no shield)
rNeg     . . .     Faith    .   h - +3 leather armour {rPois}
rPois    +         Spirit   .   j - +1 helmet
rElec    .         Reflect  .   M - +0 cloak {MR+}
rCorr    .         Harm     .   (no gloves)
MR       ++...                  (no barding)
Stlth    +++++++...             m - amulet of the acrobat
HPRegen  0.24/turn              b - +3 ring of dexterity
MPRegen  0.18/turn              l - +4 ring of dexterity

@: agile, berserk cooldown, slowed, very slow
A: large, see invisible, deformed body, poison resistance, slowness 2, slow
metabolism 1, spit poison 1, AC +4
a: Spit Poison, Bend Time, Temporal Distortion, Slouch, Step From Time, Renounce
Religion


You were on level 2 of the Lair of Beasts.
You worshipped Cheibriados.
Cheibriados was extremely pleased with you.
You were very hungry.

You visited 3 branches of the dungeon, and saw 13 of its levels.

You collected 645 gold pieces.

Inventory:

Hand Weapons
 g - a +3 short sword of venom (weapon)
Armour
 a - a +0 robe
 h - a +3 leather armour of poison resistance (worn)
 j - a +1 helmet (worn)
 s - a +1 cloak
 y - the +0 robe of Wisdom {rF- rN+++ MR- Regen+}
   (You took it off an orc wizard on level 6 of the Dungeon)

   It makes you vulnerable to fire.
   It renders you almost immune to negative energy.
   It affects your resistance to hostile enchantments.
   It increases your rate of regeneration.
 E - a +2 robe of cold resistance
 G - a +0 troll leather armour
 J - a +0 shield
 M - a +0 cloak of magic resistance (worn)
Magical Staves
 w - an uncursed staff of conjuration
Jewellery
 b - a +3 ring of dexterity (left hand)
 l - a +4 ring of dexterity (right hand)
 m - an amulet of the acrobat (around neck)
 I - an uncursed ring of ice {unknown}
Wands
 r - a wand of polymorph (24)
 u - a wand of paralysis (20)
 v - a wand of flame (28)
 L - a wand of acid (20)
 N - a wand of digging (6)
Scrolls
 o - 6 scrolls of teleportation
 p - 2 scrolls of magic mapping
 x - a scroll of fear
 B - 3 scrolls of blinking
 C - 5 scrolls of remove curse
 D - 2 scrolls of enchant armour
 F - a scroll of amnesia
 O - a scroll of identify
Potions
 e - 2 potions of heal wounds
 i - 3 potions of haste
 k - a potion of might
 n - a potion of mutation
 q - 3 potions of curing
 z - a potion of cancellation {unknown}
 A - 4 potions of lignification
 H - a potion of flight {unknown}
Comestibles
 c - 24 rations
 K - 7 chunks of flesh


   Skills:
 - Level 3.0 Short Blades
 + Level 1.5 Armour
 + Level 6.0 Dodging
 + Level 10.9 Stealth
 + Level 1.8 Shields
 + Level 6.8 Spellcasting
 * Level 9.9 Conjurations
 - Level 3.0 Air Magic
 + Level 9.9 Poison Magic
 + Level 6.3 Invocations


You had 15 spell levels left.
You knew the following spells:

 Your Spells              Type           Power        Failure   Level  Hunger
a - Sting                 Conj/Pois      ####         1%          1    None
b - Mephitic Cloud        Conj/Pois/Air  ######..     1%          3    None
c - Venom Bolt            Conj/Pois      ######....   2%          5    ####...

Your spell library contained the following spells:

 Spells                   Type           Power        Failure   Level  Hunger
 Poisonous Vapours        Pois/Air       ######       1%          2    None
 Olgreb's Toxic Radiance  Pois           ######..     1%          4    ##.....
 Animate Skeleton         Necr           N/A          4%          1    None
 Pain                     Necr           ##..         4%          1    None
 Regeneration             Chrm/Necr      ##........   14%         3    None
 Vampiric Draining        Necr           ##........   14%         3    None
 Animate Dead             Necr           N/A          43%         4    ##.....


Dungeon Overview and Level Annotations

Branches:
Dungeon (10/15)            Temple (1/1) D:4            Lair (1/6) D:8
    Orc: D:9-12

Altars:
Ashenzari
Cheibriados
Dithmenos
Elyvilon
Fedhas
Gozag
Hepliaklqana
Kikubaaqudgha
Makhleb
Nemelex Xobeh
Okawaru
Qazlal
Ru
Sif Muna
Trog
Uskayaw
Vehumet
Wu Jian
Xom
Yredelemnul
Zin
The Shining One


Innate Abilities, Weirdness & Mutations

You cannot wear boots.
Your serpentine skin is tough. (AC +4)
You have supernaturally acute eyesight. (SInv)
Armour fits poorly on your strangely shaped body.
Your system is resistant to poisons. (rPois)
You cover ground very slowly.
You have a slow metabolism.
You can spit poison.


Message History

The komodo dragon is moderately wounded.
The komodo dragon completely misses you.
You puncture the komodo dragon!
The komodo dragon is heavily wounded.
The komodo dragon completely misses you.
You closely miss the komodo dragon.
The komodo dragon is heavily wounded.
The komodo dragon misses you.
You hit the komodo dragon.
The komodo dragon looks as sick as possible!
The komodo dragon is severely wounded.
You are no longer berserk.
You are exhausted.
You feel yourself slow down.
The komodo dragon bites you but does no damage.
You barely miss the komodo dragon.
The komodo dragon is heavily wounded.
The komodo dragon bites you but does no damage.
The komodo dragon bites you.
You die...

.........P.#
#.........#..
#.........P...
#..+....... ..
#.. ......#...
##..##.#.#.†...
#..............
#...†l†.......
##...@######...
#P....# ##....##
#.....# ##....##
#.....### .
##....#.#####....
#.....†.........
#...............


You could see a komodo dragon.

Vanquished Creatures
  Erica (D:8)
  A centaur warrior (D:9)
  3 two-headed ogres (D:9)
  A black mamba (Lair:1)
  Maurice (D:10)
  A spiny frog (Lair:2)
  Psyche (D:8)
  A komodo dragon (Lair:2)
  3 trolls
  Grinder (D:6)
  Prince Ribbit (D:5)
  A hippogriff (D:10)
  9 yaks (Lair:1)
  Eustachio (D:4)
  3 water moccasins
  2 soldier ants (D:9)
  2 porcupines
  3 sky beasts
  An orc warrior (D:7)
  3 phantoms
  5 ogres
  A tengu (shapeshifter) (D:10)
  8 wolves
  5 centaurs
  5 crocodiles
  A big kobold (D:10)
  5 bullfrogs
  3 scorpions
  4 killer bees (D:9)
  7 howler monkeys
  4 wights (D:8)
  2 electric eels (D:8)
  A bullfrog zombie (D:8)
  A crimson imp (D:9)
  9 hounds
  2 quasits
  2 jellies (D:9)
  3 orc priests
  A centaur skeleton (D:6)
  Crazy Yiuf (D:4)
  2 bullfrog skeletons
  9 orc wizards
  3 iguanas
  6 worker ants
  A killer bee zombie (D:10)
  A worker ant zombie (D:8)
  11 adders
  2 shadow imps
  An adder zombie (D:8)
  2 adder skeletons
  4 worms
  A dart slug (D:2)
  3 leopard geckos
  36 orcs
  3 ball pythons
  4 giant cockroaches
  9 goblins
  11 hobgoblins
  6 jackals
  6 quokkas
  10 bats
  13 frilled lizards
  A jackal zombie (D:8)
  14 kobolds
  A leopard gecko zombie (D:9)
  5 rats
275 creatures vanquished.

Vanquished Creatures (others)
  A killer bee (D:9)
  A fungus (Lair:1)
2 creatures vanquished.

Grand Total: 277 creatures vanquished

Notes
Turn   | Place    | Note
-------+----------+-------------------------------------------
     0 | D:1      | PikkenKukken the Naga Venom Mage began the quest for the
                  | Orb.
     0 | D:1      | Reached XP level 1. HP: 15/15 MP: 3/3
   211 | D:1      | Reached XP level 2. HP: 22/22 MP: 1/5
   530 | D:1      | Reached XP level 3. HP: 28/28 MP: 0/6
   687 | D:1      | Learned a level 3 spell: Mephitic Cloud
  1227 | D:2      | Reached XP level 4. HP: 36/36 MP: 5/7
  1425 | D:2      | Found a sacrificial altar of Ru.
  1457 | D:2      | Reached skill level 1 in Short Blades
  1694 | D:2      | Found a glowing golden altar of the Shining One.
  2076 | D:3      | Noticed an ogre
  2119 | D:3      | Killed an ogre
  2119 | D:3      | Reached skill level 4 in Stealth
  2119 | D:3      | Reached skill level 1 in Air Magic
  2119 | D:3      | Reached skill level 5 in Poison Magic
  2119 | D:3      | Reached XP level 5. HP: 34/42 MP: 1/8
  2709 | D:4      | Reached XP level 6. HP: 49/49 MP: 3/10
  2965 | D:4      | Found a staircase to the Ecumenical Temple.
  2974 | Temple   | Entered the Ecumenical Temple
  3125 | Temple   | Became a worshipper of Cheibriados the Contemplative
  3370 | D:4      | Noticed Eustachio
  3404 | D:4      | Killed Eustachio
  3404 | D:4      | Reached XP level 7. HP: 8/55 MP: 2/11
  3979 | D:4      | Found a runed door.
  3984 | D:4      | Noticed Crazy Yiuf
  4002 | D:4      | Killed Crazy Yiuf
  4208 | D:5      | Entered Level 5 of the Dungeon
  4253 | D:4      | Reached skill level 5 in Stealth
  4349 | D:5      | Noticed Prince Ribbit
  4410 | D:5      | Killed Prince Ribbit
  4410 | D:5      | Reached XP level 8. HP: 16/62 MP: 8/13
  5015 | D:5      | Found a deep blue altar of Sif Muna.
  5017 | D:5      | Found a shattered altar of Ashenzari.
  5022 | D:5      | Found an iron altar of Okawaru.
  5026 | D:5      | Found a basalt altar of Yredelemnul.
  5692 | D:6      | Reached * piety under Cheibriados
  5703 | D:6      | Reached skill level 6 in Stealth
  5757 | D:6      | Reached skill level 5 in Conjurations
  5923 | D:6      | Noticed Grinder
  5953 | D:6      | Killed Grinder
  6109 | D:6      | Reached skill level 1 in Invocations
  6165 | D:6      | Got a steaming robe
  6195 | D:6      | Identified the cursed +0 robe of Wisdom {rF- rN+++ MR-
                  | Regen+} (You took it off an orc wizard on level 6 of the
                  | Dungeon)
  6409 | D:7      | Reached XP level 9. HP: 68/68 MP: 13/15
  6568 | D:7      | Reached skill level 7 in Stealth
  6703 | D:7      | Reached ** piety under Cheibriados
  7082 | D:7      | Found a sparkling altar of Nemelex Xobeh.
  7506 | D:8      | Learned a level 5 spell: Venom Bolt
  7778 | D:8      | Found a radiant altar of Vehumet.
  7780 | D:8      | Found an ornate altar of the Wu Jian Council.
  7919 | D:8      | Found an ornate altar of the Wu Jian Council.
  7958 | D:8      | Reached *** piety under Cheibriados
  8032 | D:8      | Noticed a troll
  8080 | D:8      | Killed a troll
  8165 | D:8      | Found a staircase to the Lair.
  8206 | D:8      | Reached skill level 8 in Stealth
  8235 | D:8      | Noticed Erica
  8237 | D:8      | Noticed Psyche
  8398 | D:8      | Reached skill level 5 in Spellcasting
  8402 | D:8      | Killed Erica
  8402 | D:8      | Reached XP level 10. HP: 51/75 MP: 14/17
  8406 | D:8      | Killed Psyche
  8913 | D:8      | Reached **** piety under Cheibriados
  8916 | D:8      | Reached skill level 9 in Stealth
  9225 | D:9      | Noticed a two-headed ogre
  9235 | D:9      | Killed a two-headed ogre
  9235 | D:9      | Reached skill level 5 in Dodging
  9759 | D:9      | Noticed a two-headed ogre
  9769 | D:9      | Killed a two-headed ogre
  9769 | D:9      | Reached skill level 5 in Invocations
  9769 | D:9      | Reached XP level 11. HP: 41/81 MP: 8/20
  9960 | D:9      | Found an ancient bone altar of Kikubaaqudgha.
 10049 | D:9      | Noticed a centaur warrior
 10066 | D:9      | Killed a centaur warrior
 10066 | D:9      | Reached skill level 10 in Stealth
 10339 | D:9      | Noticed a two-headed ogre
 10345 | D:9      | Killed a two-headed ogre
 10548 | D:9      | Reached ***** piety under Cheibriados
 10834 | D:10     | Entered Level 10 of the Dungeon
 11007 | D:10     | Noticed Maurice
 11015 | D:10     | Killed Maurice
 11679 | Lair:1   | Entered Level 1 of the Lair of Beasts
 11698 | Lair:1   | Reached skill level 1 in Shields
 11894 | Lair:1   | Reached skill level 1 in Armour
 12615 | Lair:1   | You fall through a shaft!
 12698 | Lair:2   | Reached XP level 12. HP: 25/88 MP: 3/22
 12706 | Lair:2   | Slain by a komodo dragon

Vault maps used:
D:1:      tarquinn_simple_flora_water_f
D:2:      overflow_temple_1_default, first_ration, nicolae_ru_awakened_eye
D:4:      minmay_temple_entry_trees, uniq_eustachio, uniq_crazy_yiuf_cottage
D:5:      minitemple, uniq_prince_ribbit1, uniq_sigmund
D:6:      minmay_misc_feat_cross, uniq_grinder
D:7:      nicolae_overflow_crystal_walls
D:8:      nicolae_overflow_hidden_temple, erik_lair_island, basic_altar,
          uniq_erica, uniq_psyche
D:9:      kennysheep_mini_moat, hangedman_pestilent_swarm
D:10:     uniq_maurice
Temple:   dshaligram_water_room_temple
Lair:1:   minmay_lair_oklob_tunnel
Lair:2:   nicolae_swamp_entry_splash_gauntlet, dummy_spider_entry,
          lab_entry_generic, minmay_lair_oklob_bushes, beast_lair_carwin_5,
          uniq_fannar

Skill      XL: |  1  2  3  4  5  6  7  8  9 10 11 |
---------------+----------------------------------+-----
Conjurations   | 2 3 4 5 7 8 9 |  9.9
Dodging        | 2 3 4 5 6 |  6.0
Short Blades   | 1 2 3 |  3.0
Stealth        | 4 5 6 8 9 10 | 10.9
Air Magic      | 1 2 3 |  3.0
Poison Magic   | 5 6 8 9 |  9.9
Spellcasting   | 3 4 5 6 |  6.8
Invocations    | 1 4 5 6 |  6.3
Shields        | 1 |  1.8
Armour         | 1 |  1.5

Action                   |  1- 3 |  4- 6 |  7- 9 | 10-12 || total
-------------------------+-------+-------+-------+-------++-------
Melee: Short sword       |    28 |    93 |   318 |   326 ||   765
       Unarmed           |       |       |     1 |       ||     1
       Staff             |       |       |     6 |       ||     6
 Cast: Sting             |    56 |    48 |    68 |    14 ||   186
       Mephitic Cloud    |     2 |    11 |    23 |    31 ||    67
       Venom Bolt        |       |       |     4 |    12 ||    16
Invok: Bend Time         |       |     1 |       |       ||     1
 Abil: Spit Poison       |       |     1 |       |       ||     1
  Use: Scroll            |     2 |    14 |     5 |     3 ||    24
       Potion            |       |       |       |     4 ||     4
 Stab: Confused          |       |     6 |    13 |    22 ||    41
       Sleeping          |       |     1 |     2 |    11 ||    14
       Distracted        |       |       |       |     1 ||     1
  Eat: Chunk             |     1 |     8 |    12 |     7 ||    28
       Ration            |       |       |     1 |     1 ||     2
Armor: Robe              |     3 |    38 |    16 |       ||    57
       Leather armour    |       |       |    90 |    70 ||   160
Dodge: Dodged            |    21 |    82 |   200 |   245 ||   548

Table legend:
 A = Non-vault XP
 B = Vault XP
 C = Vault XP percentage of total XP
 D = Non-vault monster count
 E = Vault monster count
 F = Vault count percentage of total count
                 A         B        C        D         E       F
            +---------+---------+-------+---------+---------+-------
      Total |   14322 |    4133 |  22.4 |     256 |      20 |   7.2
            +---------+---------+-------+---------+---------+-------
        D:1 |      54 |       0 |   0.0 |      32 |       0 |   0.0
        D:2 |      82 |       0 |   0.0 |      28 |       0 |   0.0
        D:3 |     171 |       0 |   0.0 |      18 |       0 |   0.0
        D:4 |     391 |     242 |  38.2 |      15 |       2 |  11.8
        D:5 |     209 |     286 |  57.8 |      11 |       1 |   8.3
        D:6 |     605 |     286 |  32.1 |      18 |       1 |   5.3
        D:7 |     716 |       0 |   0.0 |      20 |       0 |   0.0
        D:8 |    1765 |    1954 |  52.5 |      33 |       8 |  19.5
        D:9 |    5177 |     340 |   6.2 |      33 |       4 |  10.8
       D:10 |    1304 |     437 |  25.1 |      25 |       1 |   3.8
     Lair:1 |    3020 |       0 |   0.0 |      19 |       0 |   0.0
     Lair:2 |     828 |     588 |  41.5 |       4 |       3 |  42.9
            +---------+---------+-------+---------+---------+-------
